 Dungeon Crawl Stone Soup version 0.25-b1-46-gb8a1ec05df (webtiles) character file.

Game seed: 8366213428377709006

116 kafkaforpresident the Skirmisher (level 4, -4/37 HPs)
             Began as a Mummy Fighter on June 9, 2020.
             Killed by divine providence
             ... invoked by an orc priest
              (13 damage)
             ... on level 3 of the Dungeon.
             The game lasted 00:04:22 (2723 turns).

kafkaforpresident the Skirmisher (Mummy Fighter)    Turns: 2723, Time: 00:04:23

Health: -4/37      AC:  7    Str: 26    XL:     4   Next: 69%
Magic:  4/4        EV: 10    Int:  7    God:
Gold:   149        SH:  0    Dex: 11    Spells: 3/3 levels left

rFire    x . .     SeeInvis .   a - +0 flail
rCold    + . .     Gourm    .   (no shield)
rNeg     + + +     Faith    .   b - +0 scale mail
rPois    ∞         Spirit   .   j - +0 helmet (curse)
rElec    .         Reflect  .   (no cloak)
rCorr    .         Harm     .   (no gloves)
MR       .....                  (no boots)
Stlth    ..........             (no amulet)
HPRegen  0.12/turn              k - +6 ring of strength
MPRegen  0.09/turn              (no ring)

@: no status effects
A: no food or potions, fire vulnerability, cold resistance 1, negative energy
resistance 3, torment resistance, unbreathing
a: no special abilities


You were on level 3 of the Dungeon.
You were not hungry.

You visited 1 branch of the dungeon, and saw 4 of its levels.

You collected 149 gold pieces.

Inventory:

Hand Weapons
 a - a +0 flail (weapon)
Armour
 b - a +0 scale mail (worn)
 c - a +0 kite shield
 j - a cursed +0 helmet (worn)
Jewellery
 k - a +6 ring of strength (left hand)
Wands
 l - a wand of digging (3)
Scrolls
 d - a scroll of magic mapping {unknown}
 e - 4 scrolls of identify {unknown}
 f - 3 scrolls of enchant armour {unknown}
 g - a scroll of remove curse {unknown}
 h - 2 scrolls of immolation {unknown}
 i - a scroll of random uselessness {unknown}


   Skills:
 - Level 3.7 Fighting
 + Level 2.8 Maces & Flails
 - Level 2.8 Armour
 - Level 0.6 Dodging
 - Level 0.1 Stealth
 - Level 2.8 Shields


You had 3 spell levels left.
You didn't know any spells.
Your spell library contained the following spells:

 Spells                   Type           Power        Failure   Level  Hunger
 Corona                   Hex            #......      71%         1    N/A
 Ensorcelled Hibernation  Hex/Ice        #.....       85%         2    N/A
 Confusing Touch          Hex            #.......     97%         3    N/A
 Dazzling Flash           Conj/Hex       #.....       97%         3    N/A
 Tukima's Dance           Hex            #.......     97%         3    N/A

Dungeon Overview and Level Annotations

Branches:
Dungeon (4/15)
 Temple: D:4-7

Altars:
Sif Muna


Innate Abilities, Weirdness & Mutations

You do not eat or drink.
Your flesh is vulnerable to fire.
You are immune to poison.
Your flesh is cold resistant. (rC+)
You are immune to negative energy. (rN+++)
You are immune to unholy pain and torment.
You can survive without breathing.


Message History

The orc priest is heavily wounded.
The orc priest hits you.
* * * LOW HITPOINT WARNING * * *
The orc priest closely misses you.
You completely miss the orc priest.
The orc priest is heavily wounded.
The orc priest hits you but does no damage.
You hit the orc priest.
The orc priest is heavily wounded.
The orc priest hits you.
* * * LOW HITPOINT WARNING * * *
You barely miss the orc priest.
The orc priest is heavily wounded.
The orc priest hits you but does no damage.
The orc priest closely misses you.
You closely miss the orc priest.
The orc priest is heavily wounded.
The orc priest mumbles some strange prayers to Beogh against you.
Beogh smites you!
You die...

###...........###.....(.#
.#.....<......###.......#
.<.............##......÷#
........#...##.##.......#
..........####.#####...##
........................#
...#..##.#####..........#
...##.......###.).......#
...##.......# ##@########
...##..)....# #.o#
............# ##.#######
.#..........# #.#.....##
...<........##
#........##
.##.......#..#
#.........#
..##.#.##.##.#
#.........#
.....#.##....#
#.........#
.###.#.#######
#.........#


You could see an orc priest.

Vanquished Creatures
  A hound (D:2)
  4 adders (D:2)
  3 leopard geckos
  An orc (D:3)
  6 bats
  5 giant cockroaches
  4 goblins
  5 hobgoblins
  2 jackals (D:1)
  5 kobolds
  2 frilled lizards
  A quokka skeleton (D:4)
  7 rats (D:1)
46 creatures vanquished.

Notes
Turn   | Place    | Note
-------+----------+-------------------------------------------
     0 | D:1      | kafkaforpresident the Mummy Fighter began the quest for the
                  | Orb.
     0 | D:1      | Reached XP level 1. HP: 18/18 MP: 1/1
   194 | D:1      | Reached XP level 2. HP: 16/24 MP: 2/2
  1051 | D:2      | Reached XP level 3. HP: 29/29 MP: 3/3
  1144 | D:2      | Reached XP level 4. HP: 25/35 MP: 4/4
  2636 | D:4      | Found a shimmering blue altar of Sif Muna.
  2723 | D:3      | Killed from afar by an orc priest

Illustrated notes

Levels and vault maps discovered:
D:1:      dpeg_arrival_rooms_c, layout_basic
D:2:      layout_basic, minivault_23
D:3:      layout_rooms
D:4:      layout_rooms, old_standard_altar, minmay_temple_entry_antechambers,
          fedhas_ov_isle_minmay

Skill      XL: |  1  2  3 |
---------------+----------+-----
Maces & Flails | 2 |  2.8
Fighting       | |  3.7
Armour         | |  2.8
Dodging        | |  0.6
Stealth        | |  0.1
Shields        | |  2.8

Action                   |  1- 3 |  4- 6 || total
-------------------------+-------+-------++-------
Melee: Flail             |   109 |    70 ||   179
Armor: Scale mail        |    89 |    37 ||   126
Dodge: Dodged            |    77 |    40 ||   117
